 Dungeon Sprint DCSS version 0.23.2-30-g0e89c35649 (webtiles) character file.

Game seed: 7366808309985711631

14728 HASTUR3 the Brawler (level 11, 143/143 HPs)
             Began as a Troll Monk on June 19, 2019.
             Was the Champion of Jiyva.
             Quit the game in the Dungeon (Sprint III: "The Ten Rune Challenge").
             The game lasted 00:19:53 (1681 turns).

HASTUR3 the Brawler (Troll Monk)                    Turns: 1681, Time: 00:19:53

Health: 143/143    AC:  7    Str: 20    XL:     11   Next: 92%
Magic:  16/16      EV: 22    Int:  6    God:    Jiyva [******]
Gold:   3066       SH:  0    Dex: 22    Spells: 10/10 levels left

rFire    + . .     SeeInvis +     - Unarmed
rCold    . . .     Gourm    +   (no shield)
rNeg     . . .     Faith    .   q - +1 robe
rPois    .         Spirit   .   (helmet unavailable)
rElec    +         Reflect  .   (no cloak)
rCorr    +         Harm     .   (gloves unavailable)
MR       +....     NoTele   +   (boots unavailable)
Stlth    ++........             (no amulet)
HPRegen  0.73/turn              (no ring)
MPRegen  0.15/turn              (no ring)

@: no status effects
A: large, unfitting armour, claws 3, horns 3, rugged brown scales 1, see
invisible, agile 2, clever 1, fire resistance 1, fast metabolism 3, gourmand,
magic resistance 1, mutation resistance 1, regeneration 1, robust 1, shaggy fur
1, electricity resistance, tough skin 3, acidic bite, eyeballs 3, pseudopods 1,
translucent skin 1
a: Request Jelly, Slimify, Cure Bad Mutation, Renounce Religion


You were in the Dungeon.
You worshipped Jiyva.
Jiyva was exalted by your worship.
You were full.

You visited 1 branch You collected 3066 gold pieces.

Inventory:

Armour
 q - a +1 robe (worn)
Wands
 d - a wand of scattershot (2)
 p - a wand of enslavement (13)
Scrolls
 h - a scroll of blinking
 i - 2 scrolls of holy word {unknown}
 j - 2 scrolls of identify
 k - 2 scrolls of remove curse {unknown}
 m - a scroll of torment {unknown}
 n - a scroll of fear {unknown}
Potions
 c - 3 potions of curing
 e - a potion of haste
 f - 2 potions of magic
 g - a potion of berserk rage
 l - 3 potions of flight
 o - a potion of heal wounds
Comestibles
 b - 6 rations


   Skills:
 + Level 13.5 Fighting
 + Level 13.5 Dodging
 - Level 1.0 Stealth
 + Level 16.9 Unarmed Combat
 - Level 8.4 Evocations


You had 10 spell levels left.
You didn't know any spells.
Your spell library contained the following spells:

 Spells                   Type           Power        Failure   Level  Hunger
 Animate Skeleton         Necr           N/A          45%         1    ##.....
 Apportation              Tloc           #.....       45%         1    ##.....
 Confusing Touch          Hex            #.....       45%         1    ##.....
 Magic Dart               Conj           #...         45%         1    ##.....
 Summon Small Mammal      Summ           #...         45%         1    ##.....
 Blink                    Tloc           N/A          58%         2    ###....
 Call Imp                 Summ           #.......     58%         2    ###....
 Slow                     Hex            #.......     58%         2    ###....
 Conjure Flame            Conj/Fire      #.......     83%         3    ####...
 Mephitic Cloud           Conj/Pois/Air  #.......     83%         3    ####...


Dungeon Overview and Level Annotations

Branches:
Dungeon (1/1)

Altars:
Cheibriados
Dithmenos
Elyvilon
Fedhas
Gozag
Hepliaklqana
Kikubaaqudgha
Makhleb
Nemelex Xobeh
Okawaru
Qazlal
Ru
Sif Muna
Trog
Uskayaw
Vehumet
Wu Jian
Xom
Yredelemnul
Zin
The Shining One
Beogh
Jiyva
Lugonu

Shops:
D *%[:([=?(:!:}

Annotations:
D Gastronok


Innate Abilities, Weirdness & Mutations

You are too large for most types of armour.
You have claws for hands.
Your metabolism is lightning-fast.
You like to eat raw meat.
Your natural rate of healing is unusually fast.
You are covered in fur. (AC +1)
You have extremely tough skin. (AC +3)
You have a pair of large horns on your head.
You are partially covered in rugged brown scales. (AC +1, +3% HP)
You have supernaturally acute eyesight. (SInv)
You are very agile. (Dex +4)
Your mind is acute. (Int +2)
Your flesh is heat resistant. (rF+)
You are resistant to hostile enchantments. (MR+)
You are somewhat resistant to further mutation.
You are robust. (+10% HP)
You are resistant to electric shocks. (rElec)
You have acidic saliva.
Your body is covered in golden eyes which may confuse attackers. (Acc +7, SInv)
Armour fits poorly on your pseudopods.
Your translucent skin slightly reduces your foes' accuracy. (Stealth)


Message History

You now have 3006 gold pieces (gained 13).
There is an entrance to Zemosayvo's Food Emporium here.
There is a fountain of sparkling water here.
There is a fountain of sparkling water here.
There is an entrance to Obay's Book Boutique here.
You now have 3018 gold pieces (gained 12).
You now have 3029 gold pieces (gained 11).
You now have 3039 gold pieces (gained 10).
You now have 3050 gold pieces (gained 11).
You now have 3066 gold pieces (gained 16).
There is an entrance to Douckup's Gadget Shoppe here.
There is an entrance to Rodex's Antique Weapon Shop here.
There is an entrance to Douckup's Gadget Shoppe here.
There is a large open flickering gateway to a bazaar here.
There is a fountain of sparkling water here.
Level annotation: Gastronok Welcome back, HASTUR3 the Troll Monk.
Slime for the Slime God!
Press ? for a list of commands and other information.
Are you sure you want to abandon this character and quit the game? (Confirm with "yes".)

#'##### ###.....
#.....+ ##.#.####
#.#############..+.#
#.#..§........'..###
#.#..§....########
#.#..§..###.∩⌠⌠∩.#
#.#..§###§#.∩⌠⌠∩.#
#.#.###§§.#.∩∩∩∩.#
#.#'#§@§§§#.∩∩∩∩.#
#.#.§§§§§§#......#
#.#.§§§§§.###''###
#...§§§§§.#.⌠..⌠.#
#########.#......#
#.#.#.#.#........#
#................#
#................#
###'##############


There were no monsters in sight!

Vanquished Creatures
  Harold (D)
  A dire elephant (D)
  Erolcha (D)
  2 orc high priests (D)
  An orange crystal statue (D)
  Joseph (D)
  A deep elf mage (D)
  4 crystal guardians (D)
  2 orc sorcerers (D)
  An elephant (D)
  2 spiny frogs (D)
  A komodo dragon (D)
  A rime drake (D)
  3 wandering mushrooms (D)
  4 spriggan defenders (D)
  A tyrant leech (D)
  5 blink frogs (D)
  2 redbacks (D)
  A shadow (D)
  A spatial vortex (D)
  2 orc warriors (D)
  A swamp drake (D)
  A necrophage (D)
  5 two-headed ogres (D)
  A water elemental (D)
  A jelly (D)
  5 orc priests (D)
  3 orc wizards (D)
  A wizard (D)
  Jessica (D)
  A necromancer (D)
  3 humans (D)
  A kobold demonologist (D)
  A wolf (D)
  2 oozes (D)
  5 orcs (D)
  7 plants (D)
77 creatures vanquished.

Vanquished Creatures (collateral kills)
  A dire elephant (D)
  An orc knight (D)
  An elephant (D)
3 creatures vanquished.

Vanquished Creatures (others)
  2 draconian scorchers (D)
  A glowing orange brain (D)
  An ugly thing (D)
  A shining eye (D)
  6 hellions (D)
  A yaktaur (D)
  6 slime creatures (D)
  A tarantella (shapeshifter) (D)
  A redback (D)
  A floating eye (D)
  A golden eye (D)
  21 jellies (D)
  A killer bee (D)
  An orc (D)
  6 bushes (D)
  6 plants (D)
57 creatures vanquished.

Grand Total: 137 creatures vanquished

Notes
Turn   | Place    | Note
-------+----------+-------------------------------------------
     0 | D        | HASTUR3 the Troll Monk began the quest for the Orb.
     0 | D        | Reached XP level 1. HP: 22/22 MP: 0/0
    10 | D        | Reached skill level 4 in Unarmed Combat
    15 | D        | Reached skill level 5 in Unarmed Combat
    15 | D        | Reached XP level 2. HP: 29/29 MP: 1/1
    25 | D        | Noticed Jessica
    30 | D        | Killed Jessica
    30 | D        | Reached skill level 7 in Unarmed Combat
    30 | D        | Reached XP level 3. HP: 36/36 MP: 2/2
    62 | D        | Reached skill level 8 in Unarmed Combat
    62 | D        | Reached XP level 4. HP: 18/44 MP: 3/3
    94 | D        | Killed a hellion
    95 | D        | Killed a hellion
   111 | D        | Killed a hellion
   112 | D        | Killed a hellion
   133 | D        | Gained mutation: You are clumsy. (Dex -2) [potion of
                  | mutation]
   133 | D        | Gained mutation: You passively map a small area around you.
                  | [potion of mutation]
   133 | D        | Gained mutation: You are resistant to hostile enchantments.
                  | (MR+) [potion of mutation]
   133 | D        | Gained mutation: You have sharp toenails. [potion of
                  | mutation]
   134 | D        | Lost mutation: You are clumsy. (Dex -2) [potion of
                  | mutation]
   134 | D        | Lost mutation: You passively map a small area around you.
                  | [potion of mutation]
   134 | D        | Gained mutation: Your flesh is heat resistant. (rF+)
                  | [potion of mutation]
   134 | D        | Gained mutation: Your spells are a little easier to cast,
                  | but a little less powerful. [potion of mutation]
   134 | D        | Gained mutation: You are highly resistant to hostile
                  | enchantments. (MR++) [potion of mutation]
   135 | D        | Lost mutation: You are highly resistant to hostile
                  | enchantments. (MR++) [potion of mutation]
   135 | D        | Lost mutation: Your spells are a little easier to cast, but
                  | a little less powerful. [potion of mutation]
   135 | D        | Lost mutation: You are resistant to hostile enchantments.
                  | (MR+) [potion of mutation]
   135 | D        | Gained mutation: You are partially covered in rugged brown
                  | scales. (AC +1, +3% HP) [potion of mutation]
   135 | D        | Gained mutation: You are mostly covered in rugged brown
                  | scales. (AC +2, +5% HP) [potion of mutation]
   135 | D        | Gained mutation: You are agile. (Dex +2) [potion of
                  | mutation]
   136 | D        | Lost mutation: You are mostly covered in rugged brown
                  | scales. (AC +2, +5% HP) [potion of mutation]
   136 | D        | Lost mutation: You have sharp toenails. [potion of
                  | mutation]
   136 | D        | Lost mutation: You are agile. (Dex +2) [potion of mutation]
   136 | D        | Gained mutation: You are dopey. (Int -2) [potion of
                  | mutation]
   136 | D        | Gained mutation: You expend magic power (3 MP) to
                  | strengthen your wands. [potion of mutation]
   137 | D        | Lost mutation: You expend magic power (3 MP) to strengthen
                  | your wands. [potion of mutation]
   137 | D        | Lost mutation: You are dopey. (Int -2) [potion of mutation]
   137 | D        | Lost mutation: Your flesh is heat resistant. (rF+) [potion
                  | of mutation]
   137 | D        | Gained mutation: You are robust. (+10% HP) [potion of
                  | mutation]
   137 | D        | Gained mutation: You are resistant to electric shocks.
                  | (rElec) [potion of mutation]
   137 | D        | Gained mutation: You have supernaturally acute eyesight.
                  | (SInv) [potion of mutation]
   142 | D        | Noticed a water elemental
   150 | D        | Killed a yaktaur
   152 | D        | Killed a water elemental
   152 | D        | Reached skill level 10 in Unarmed Combat
   164 | D        | Killed a hellion
   165 | D        | Killed a hellion
   192 | D        | Found a radiant altar of Vehumet.
   192 | D        | Found a deep blue altar of Sif Muna.
   192 | D        | Found an ancient bone altar of Kikubaaqudgha.
   192 | D        | Noticed a wizard
   195 | D        | Killed a wizard
   195 | D        | Reached XP level 5. HP: 55/59 MP: 4/4
   215 | D        | Found a glowing silver altar of Zin.
   215 | D        | Found a glowing golden altar of the Shining One.
   215 | D        | Found a white marble altar of Elyvilon.
   216 | D        | Noticed a deep elf mage
   221 | D        | Killed a deep elf mage
   221 | D        | Reached skill level 11 in Unarmed Combat
   221 | D        | Reached XP level 6. HP: 76/76 MP: 5/5
   221 | D        | Reached XP level 7. HP: 85/85 MP: 6/6
   230 | D        | Found a hide-covered altar of Uskayaw.
   230 | D        | Found a roughly hewn altar of Beogh.
   230 | D        | Found an iron altar of Okawaru.
   230 | D        | Found a bloodstained altar of Trog.
   230 | D        | Found an ornate altar of the Wu Jian Council.
   230 | D        | Noticed a human
   231 | D        | Noticed a human
   231 | D        | Killed a white draconian scorcher
   236 | D        | Killed a human
   240 | D        | Killed a human
   272 | D        | Found a basalt altar of Yredelemnul.
   272 | D        | Found a shadowy altar of Dithmenos.
   272 | D        | Found a sacrificial altar of Ru.
   284 | D        | Killed a white draconian scorcher
   297 | D        | Noticed a shadow
   299 | D        | Killed a shadow
   299 | D        | Reached skill level 12 in Unarmed Combat
   299 | D        | Reached XP level 8. HP: 90/100 MP: 7/7
   309 | D        | Found a blossoming altar of Fedhas.
   309 | D        | Found a stormy altar of Qazlal.
   309 | D        | Found a snail-covered altar of Cheibriados.
   309 | D        | Found a burning altar of Makhleb.
   309 | D        | Found a shimmering altar of Xom.
   310 | D        | Found a hazy altar of Hepliaklqana.
   310 | D        | Found an opulent altar of Gozag.
   310 | D        | Found a sparkling altar of Nemelex Xobeh.
   310 | D        | Found a corrupted altar of Lugonu.
   310 | D        | Found a viscous altar of Jiyva.
   322 | D        | Became a worshipper of Jiyva Jaso the Shapeless
   322 | D        | Reached * piety under Jiyva
   322 | D        | Reached ** piety under Jiyva
   323 | D        | Reached *** piety under Jiyva
   323 | D        | Gained mutation: Your mind is acute. (Int +2) [Jiyva's
                  | grace]
   324 | D        | Reached **** piety under Jiyva
   324 | D        | Lost mutation: Your mind is acute. (Int +2) [Jiyva's grace]
   326 | D        | Killed a white ugly thing
   328 | D        | Gained mutation: Your spells are a little easier to cast,
                  | but a little less powerful. [Jiyva's grace]
   331 | D        | Reached ***** piety under Jiyva
   331 | D        | Killed a slime creature
   331 | D        | Killed a slime creature
   337 | D        | Killed a shining eye
   360 | D        | Killed a slime creature
   362 | D        | Gained mutation: Your spells are easier to cast, but less
                  | powerful. [Jiyva's grace]
   362 | D        | Lost mutation: You are resistant to electric shocks.
                  | (rElec) [Jiyva's grace]
   364 | D        | Killed a slime creature
   379 | D        | Reached ****** piety under Jiyva
   379 | D        | Gained mutation: You have a small jelly attached to you
                  | that senses nearby items. [Jiyva's grace]
   386 | D        | Noticed a two-headed ogre
   392 | D        | Killed a two-headed ogre
   406 | D        | Gained mutation: You have sharp toenails. [Jiyva's grace]
   423 | D        | Lost mutation: You are robust. (+10% HP) [Jiyva's grace]
   433 | D        | Found Weklabbo's General Store.
   433 | D        | Noticed an orc sorcerer
   433 | D        | Noticed an orc knight
   433 | D        | Noticed an orc knight
   433 | D        | Noticed an orc high priest
   433 | D        | Noticed an orc sorcerer
   437 | D        | Noticed an orange demon
   448 | D        | Noticed an orange demon
   454 | D        | Killed an orc knight
   454 | D        | Reached skill level 13 in Unarmed Combat
   454 | D        | Reached XP level 9. HP: 54/104 MP: 8/8
   470 | D        | Noticed an ice devil
   470 | D        | Noticed a red devil
   473 | D        | Noticed an orange demon
   473 | D        | Killed an orc high priest
   473 | D        | Reached skill level 10 in Fighting
   473 | D        | Reached skill level 10 in Dodging
   478 | D        | Killed an orc sorcerer
   482 | D        | HP: 5/105 [orc warrior/+0 war axe (20)]
   487 | D        | Killed an orc sorcerer
   487 | D        | Reached skill level 14 in Unarmed Combat
   501 | D        | Lost mutation: Your spells are easier to cast, but less
                  | powerful. [Jiyva's grace]
   506 | D        | Lost mutation: Your spells are a little easier to cast, but
                  | a little less powerful. [Jiyva's grace]
   506 | D        | Gained mutation: Your body has grown golden eyes which may
                  | confuse attackers. (Acc +3) [Jiyva's grace]
   507 | D        | Lost mutation: You have a small jelly attached to you that
                  | senses nearby items. [Jiyva's grace]
   510 | D        | Gained mutation: Your mind is acute. (Int +2) [Jiyva's
                  | grace]
   528 | D        | Slimified an orc knight
   528 | D        | an orc knight changed into a slime creature
   529 | D        | Gained mutation: Armour fits poorly on your pseudopods.
                  | [Jiyva's grace]
   529 | D        | Gained mutation: You are somewhat resistant to further
                  | mutation. [Jiyva's grace]
   565 | D        | Gained mutation: Armour fits poorly on your large
                  | pseudopods. [Jiyva's grace]
   572 | D        | Gained mutation: Your flesh is cold resistant. (rC+)
                  | [Jiyva's grace]
   573 | D        | Gained mutation: You have a small jelly attached to you
                  | that may absorb incoming projectiles. [Jiyva's grace]
   577 | D        | Gained mutation: Your rubbery body absorbs attacks. (AC +1,
                  | EV +1) [Jiyva's grace]
   577 | D        | Lost mutation: Your flesh is cold resistant. (rC+) [Jiyva's
                  | grace]
   578 | D        | Gained mutation: You are agile. (Dex +2) [Jiyva's grace]
   578 | D        | Gained mutation: You are somewhat resistant to both further
                  | mutation and mutation removal. [Jiyva's grace]
   578 | D        | Lost mutation: You have a small jelly attached to you that
                  | may absorb incoming projectiles. [Jiyva's grace]
   579 | D        | Lost mutation: Armour fits poorly on your large pseudopods.
                  | [Jiyva's grace]
   580 | D        | Lost mutation: You have sharp toenails. [Jiyva's grace]
   601 | D        | Lost mutation: Armour fits poorly on your pseudopods.
                  | [potion of mutation]
   601 | D        | Lost mutation: Your rubbery body absorbs attacks. (AC +1,
                  | EV +1) [potion of mutation]
   620 | D        | Gained mutation: Your body has grown many golden eyes which
                  | may confuse attackers. (Acc +5) [Jiyva's grace]
   624 | D        | Gained mutation: You have a pair of small horns on your
                  | head. [Jiyva's grace]
   626 | D        | Gained mutation: You have a pair of horns on your head.
                  | [Jiyva's grace]
   628 | D        | Gained mutation: You expend magic power (3 MP) to
                  | strengthen your wands. [Jiyva's grace]
   628 | D        | Gained mutation: You are robust. (+10% HP) [Jiyva's grace]
   632 | D        | Gained mutation: Armour fits poorly on your pseudopods.
                  | [Jiyva's grace]
   632 | D        | Gained mutation: You are partially covered in yellow
                  | scales. (AC +2) [Jiyva's grace]
   645 | D        | Noticed a two-headed ogre
   651 | D        | Noticed Erolcha
   655 | D        | Killed a two-headed ogre
   655 | D        | Reached XP level 10. HP: 90/127 MP: 9/9
   657 | D        | Killed Erolcha
   814 | D        | Reached skill level 15 in Unarmed Combat
   831 | D        | Noticed a spiny frog
   831 | D        | Noticed a spiny frog
   835 | D        | Killed a spiny frog
   841 | D        | Killed a spiny frog
   942 | D        | Gained mutation: Your translucent skin slightly reduces
                  | your foes' accuracy. (Stealth) [Jiyva's grace]
   943 | D        | Gained mutation: You are resistant to hostile enchantments.
                  | (MR+) [Jiyva's grace]
   945 | D        | Lost mutation: You are somewhat resistant to both further
                  | mutation and mutation removal. [Jiyva's grace]
   950 | D        | Noticed an elephant
   950 | D        | Noticed an elephant
   951 | D        | Noticed a dire elephant
   951 | D        | Noticed a dire elephant
   951 | D        | Noticed Gastronok
   960 | D        | Killed a dire elephant
   960 | D        | Reached skill level 16 in Unarmed Combat
   960 | D        | Reached XP level 11. HP: 56/142 MP: 10/10
   965 | D        | Gained mutation: You have a small jelly attached to you
                  | that may absorb incoming projectiles. [Jiyva's grace]
   969 | D        | Lost mutation: You expend magic power (3 MP) to strengthen
                  | your wands. [Jiyva's grace]
   989 | D        | Killed a glowing orange brain
   998 | D        | Killed a dire elephant
  1005 | D        | Lost mutation: Your body has grown many golden eyes which
                  | may confuse attackers. (Acc +5) [Jiyva's grace]
  1005 | D        | Gained mutation: You are very agile. (Dex +4) [Jiyva's
                  | grace]
  1046 | D        | Noticed Joseph
  1047 | D        | Noticed Harold
  1051 | D        | Gained mutation: You expend magic power (3 MP) to
                  | strengthen your wands. [Jiyva's grace]
  1053 | D        | Killed Joseph
  1057 | D        | Killed Harold
  1070 | D        | Lost mutation: Your translucent skin slightly reduces your
                  | foes' accuracy. (Stealth) [Jiyva's grace]
  1074 | D        | Gained mutation: You have a pair of large horns on your
                  | head. [Jiyva's grace]
  1074 | D        | Gained mutation: You have acidic saliva. [Jiyva's grace]
  1074 | D        | Gained mutation: You are resistant to electric shocks.
                  | (rElec) [Jiyva's grace]
  1084 | D        | Noticed a yaktaur captain
  1090 | D        | Gained mutation: Your body has grown many golden eyes which
                  | may confuse attackers. (Acc +5) [Jiyva's grace]
  1110 | D        | Gained mutation: You are very robust. (+20% HP) [Jiyva's
                  | grace]
  1118 | D        | Gained mutation: Your translucent skin slightly reduces
                  | your foes' accuracy. (Stealth) [Jiyva's grace]
  1119 | D        | Lost mutation: You expend magic power (3 MP) to strengthen
                  | your wands. [Jiyva's grace]
  1157 | D        | Gained mutation: Your body is covered in golden eyes which
                  | may confuse attackers. (Acc +7, SInv) [Jiyva's grace]
  1157 | D        | Lost mutation: You have a small jelly attached to you that
                  | may absorb incoming projectiles. [Jiyva's grace]
  1173 | D        | Noticed an orange crystal statue
  1181 | D        | Killed an orange crystal statue
  1371 | D        | Lost mutation: You are partially covered in yellow scales.
                  | (AC +2) [Jiyva's grace]
  1372 | D        | Lost mutation: You are very robust. (+20% HP) [Jiyva's
                  | grace]
  1376 | D        | Gained mutation: Your flesh is heat resistant. (rF+)
                  | [Jiyva's grace]
  1381 | D        | Noticed a vault guard
  1407 | D        | Noticed a crystal guardian
  1407 | D        | Noticed a crystal guardian
  1408 | D        | Noticed a crystal guardian
  1412 | D        | Killed a crystal guardian
  1430 | D        | Killed a crystal guardian
  1435 | D        | Killed a crystal guardian
  1438 | D        | Noticed a crystal guardian
  1630 | D        | Killed a crystal guardian
  1638 | D        | Found Gugan's Jewellery Emporium.
  1638 | D        | Found Rodex's Antique Weapon Shop.
  1638 | D        | Found Douckup's Gadget Shoppe.
  1638 | D        | Found Qaotoproa's Antique Armour Boutique.
  1638 | D        | Found Idab's Magic Scroll Emporium.
  1638 | D        | Found Goliz's Book Shop.
  1638 | D        | Found Lojanale's Distillery.
  1638 | D        | Found Obay's Book Boutique.
  1639 | D        | Found Maxt's Weapon Boutique.
  1639 | D        | Found Guoxt's Book Shoppe.
  1639 | D        | Found Yneamm's Antique Armour Shop.
  1639 | D        | Found Zemosayvo's Food Emporium.
  1681 | D        | Quit the game

Skill      XL: |  1  2  3  4  5  6  7  8  9 10 11 |
---------------+----------------------------------+-----
Unarmed Combat | 5 7 8 10 11 12 13 14 16 | 16.9
Fighting       | 3 6 8 9 11 12 13 | 13.5
Dodging        | 3 6 8 9 11 12 13 | 13.5
Evocations     | 8 |  8.4
Stealth        | |  1.0

Action                   |  1- 3 |  4- 6 |  7- 9 | 10-12 || total
-------------------------+-------+-------+-------+-------++-------
Melee: Unarmed           |    21 |    15 |    85 |   158 ||   279
       Punch             |       |     2 |     4 |    22 ||    28
       Kick              |       |       |    13 |       ||    13
       Pseudopods        |       |       |     5 |    45 ||    50
       Headbutt          |       |       |     1 |    53 ||    54
       Bite              |       |       |       |    12 ||    12
Invok: Request Jelly     |       |       |     1 |     4 ||     5
       Slimify           |       |       |     1 |       ||     1
  Use: Potion            |       |     5 |     4 |       ||     9
 Stab: Sleeping          |     1 |     2 |     2 |     1 ||     6
       Distracted        |       |       |     1 |       ||     1
       Confused          |       |       |       |     1 ||     1
  Eat: Chunk             |       |     4 |     4 |     3 ||    11
Armor: Robe              |     4 |     3 |    11 |    11 ||    29
Dodge: Dodged            |     6 |     2 |    43 |    72 ||   123
